 Dungeon Crawl Stone Soup version 0.21.1-1-g345015f (webtiles) character file.

360 xccam the Slasher (level 6, 0/47 HPs)
             Began as a Barachi Fighter on Mar 28, 2018.
             Shot with an arrow by a centaur (10 damage)
             ... on level 4 of the Dungeon.
             The game lasted 00:06:37 (2744 turns).

xccam the Slasher (Barachi Fighter)                 Turns: 2744, Time: 00:06:37

Health: 0/47       AC: 13    Str: 20    XL:     6   Next: 65%
Magic:  6/6        EV:  7    Int:  8    God:
Gold:   164        SH: 10    Dex: 11    Spells: 5/5 levels left

rFire    . . .     SeeInvis .   a - +0 long sword
rCold    . . .     Gourm    .   c - +0 shield
rNeg     . . .     Faith    .   m - +3 scale mail
rPois    .         Spirit   .   (no helmet)
rElec    .         Reflect  .   u - +0 cloak
rCorr    +         Harm     .   p - +1 pair of gloves
MR       .....                  (no boots)
Stlth    ..........             A - amulet of rage
HPRegen  0.15/turn              h - ring of flight
MPRegen  0.10/turn              e - ring of resist corrosion

@: slow
A: +LOS, swims, slowness 1, strong legs 1
a: Hop, Evoke Berserk Rage, Evoke Flight


You were on level 4 of the Dungeon.
You were not hungry.

You visited 1 branch of the dungeon, and saw 4 of its levels.

You collected 164 gold pieces.

Inventory:

Hand Weapons
 a - a +0 long sword (weapon)
Armour
 c - a +0 shield (worn)
 m - a +3 scale mail (worn)
 p - a +1 pair of gloves (worn)
 u - a +0 cloak (worn)
 y - a +0 plate armour
Jewellery
 e - a ring of resist corrosion (right hand)
 h - a ring of flight (left hand)
 A - an amulet of rage (around neck)
Scrolls
 b - a scroll of remove curse
 g - 3 scrolls of teleportation
 i - 2 scrolls of identify
 k - a scroll of blinking
 r - a scroll of magic mapping {unknown}
 w - a scroll of enchant armour {unknown}
 x - a scroll of enchant weapon {unknown}
Potions
 d - a potion of might
 j - a potion of haste {unknown}
 l - a potion of lignification {unknown}
 n - a potion of cancellation {unknown}
 o - a potion of ambrosia {unknown}
 q - 2 potions of curing {unknown}
 t - a potion of flight {unknown}
 v - a potion of invisibility {unknown}
 z - a potion of mutation {unknown}
Comestibles
 f - 11 rations


   Skills:
 - Level 3.6 Fighting
 * Level 7.1 Long Blades
 - Level 3.6 Armour
 + Level 5.0 Shields


You had 5 spell levels left.
You didn't know any spells.

Dungeon Overview and Level Annotations

Branches:
Dungeon (4/15)
 Temple: D:4-7

Altars:


Innate Abilities, Weirdness & Mutations

Shadows flee at your approach. (+LOS)
You can swim through water.
You cover ground slowly.
You can hop short distances.


Message History

You butcher the worker ant corpse.
You feel sick.
You are no longer poisoned.
The centaur shouts!
The centaur wields a shortbow.
The centaur shoots an arrow.
The arrow hits you.
Items here: % ( )) an arrow; a club x2; a chunk of flesh
Okay, then.
The centaur shoots an arrow.
The arrow hits you.
The centaur shoots an arrow.
The arrow barely misses you.
Items here: % ( )) 2 arrows; a club x2; a chunk of flesh
s - a chunk of flesh Eat a chunk of flesh? (ye/n/q)
You eat the chunk of flesh.
This raw flesh tastes terrible.
You start resting.
The centaur shoots an arrow.
The arrow hits you.
* * * LOW HITPOINT WARNING * * *
You recover from your berserk rage.
The centaur shoots an arrow.
The arrow hits you!
You die...

..#.#. #...# # #.#.#.#
###...### #$
#.#....#####.......#
#.#.# #.#. #..>.........#
..... #..# #.###.......#
#.#.##.(# #.....#...#.#
..#....c)c##
##.###.......#
........รท#(###.##
###.#.###
#.###....##.@.## #...#
.........#############.##
#........##............#
#.###.c..##.##########.#
. ......# #.# ####...#
#.# ### #...# #.####.#
....# #....... ##..#
######.#


You could see a centaur.

Vanquished Creatures
  The ghost of Pad the Digger, an amateur GrEE (D:3)
  Crazy Yiuf (D:2)
  An iguana (D:4)
  Natasha (D:2)
  2 worker ants (D:4)
  A hound skeleton (D:4)
  3 gnolls (D:4)
  3 adders
  An ooze (D:3)
  A worm (D:3)
  3 dart slugs (D:1)
  A leopard gecko (D:1)
  An orc (D:4)
  7 giant cockroaches
  2 goblins
  12 hobgoblins
  4 jackals (D:2)
  8 kobolds
  A quokka (D:2)
  4 bats
  A frilled lizard (D:3)
  6 rats (D:2)
65 creatures vanquished.

Vanquished Creatures (others)
  Natasha (D:2)
1 creature vanquished.

Grand Total: 66 creatures vanquished

Notes
Turn   | Place    | Note
-------+----------+-------------------------------------------
     0 | D:1      | xccam the Barachi Fighter began the quest for the Orb.
     0 | D:1      | Reached XP level 1. HP: 18/18 MP: 1/1
    66 | D:1      | Reached skill level 3 in Long Blades
    70 | D:1      | Reached XP level 2. HP: 24/24 MP: 2/2
   309 | D:1      | Reached skill level 4 in Long Blades
   558 | D:1      | Reached XP level 3. HP: 29/29 MP: 3/3
   997 | D:2      | Found a runed door.
  1049 | D:2      | Noticed Crazy Yiuf
  1055 | D:2      | Killed Crazy Yiuf
  1055 | D:2      | Reached skill level 5 in Long Blades
  1055 | D:2      | Reached XP level 4. HP: 20/36 MP: 4/4
  1166 | D:2      | Noticed Natasha
  1177 | D:2      | Killed Natasha
  1266 | D:2      | Reached XP level 5. HP: 36/41 MP: 5/5
  1437 | D:2      | Noticed Natasha
  1443 | D:2      | Killed Natasha
  2033 | D:3      | Noticed Pad's ghost (amateur GrEE)
  2044 | D:3      | Killed Pad's ghost
  2044 | D:3      | Reached skill level 6 in Long Blades
  2613 | D:4      | Reached XP level 6. HP: 47/47 MP: 6/6
  2718 | D:4      | Reached skill level 7 in Long Blades
  2721 | D:4      | Reached skill level 5 in Shields
  2744 | D:4      | Shot with an arrow by a centaur

Skill      XL: |  1  2  3  4  5  6 |
---------------+-------------------+-----
Long Blades    | 3 4 5 6 7 |  7.1
Shields        | 4 5 |  5.0
Fighting       | |  3.6
Armour         | |  3.6

Action                   |  1- 3 |  4- 6 || total
-------------------------+-------+-------++-------
Melee: Long sword        |   105 |   141 ||   246
 Abil: Hop               |     1 |       ||     1
       Evoke Berserk Rag |       |     2 ||     2
  Use: Scroll            |       |     4 ||     4
  Eat: Chunk             |     1 |     9 ||    10
Armor: Scale mail        |    46 |    56 ||   102
Dodge: Dodged            |    32 |    45 ||    77
Block: Shield            |    50 |    86 ||   136
       Rpst.: Long sword |    15 |    12 ||    27
